 Dungeon Crawl Stone Soup version 0.31-a0-1074-g0b22e4e0f1 (webtiles) character file.

Game seed: 5532967333821588763

1586 CowFu the Changeling (level 8, -17/70 HPs)
             Began as a White Draconian Shapeshifter on Dec 2, 2023.
             Was an Initiate of Gozag.
             Demolished by a two-headed ogre
             ... wielding a +0 giant club
              (26 damage)
             ... on level 6 of the Dungeon.
             The game lasted 00:07:28 (4341 turns).

CowFu the Changeling (White Draconian Shapeshifter) Turns: 4341, Time: 00:07:28

Health: -17/70     AC: 10    Str: 25    XL:     8   Next: 61%
Magic:  8/8        EV: 12    Int: 11    God:    Gozag
Gold:   606        SH:  0    Dex: 10    Spells: 7/7 levels left

rFire   . . .        b - +5 dagger (venom)
rCold   + . .        (no shield)
rNeg    . . .        (body armour unavailable)
rPois   .            (helmet currently unavailable)
rElec   .            (cloak currently unavailable)
rCorr   .            (gloves currently unavailable)
SInv    .            (boots currently unavailable)
Will    .....        (no amulet)
Stlth   +            e - +4 ring of protection
HPRegen 0.31/turn    x - +6 ring of strength
MPRegen 0.11/turn

%: no passive effects
@: beast-form
A: beast (slay +4), breathe frost, AC +6, unfitting armour, cold resistance 1,
cold-blooded
a: Breathe Frost, Begin Untransformation, Renounce Religion, Potion Petition,
Call Merchant, Bribe Branch


You were on level 6 of the Dungeon.
You worshipped Gozag.
Gozag was pleased with you.
You were a hulking beast.
You visited 1 branch of the dungeon, and saw 6 of its levels.

You collected 740 gold pieces.
You spent 96 gold pieces at shops.
You paid 38 gold pieces to Gozag.

Inventory:

Hand Weapons
 b - a +5 dagger of venom (weapon)
Armour
 f - a +0 cloak
 y - a +2 cloak
Jewellery
 e - a +4 ring of protection (left hand)
 h - a ring of magical power
 p - a +6 ring of intelligence
 v - a ring of willpower
 x - a +6 ring of strength (right hand)
Talismans
 c - a flux talisman
 i - a beast talisman
Wands
 l - a wand of flame (22)
Scrolls
 d - 6 scrolls of teleportation
 j - a scroll of identify
Potions
 a - 3 potions of lignification
 g - 2 potions of curing
 k - a potion of magic {unknown}
 m - 2 potions of berserk rage {unknown}
 n - a potion of invisibility {unknown}
 s - a potion of attraction {unknown}
 t - a potion of mutation {unknown}
 u - a potion of cancellation {unknown}


   Skills:
 + Level 5.7 Fighting
 - Level 4.0 Dodging
 + Level 6.1 Unarmed Combat
 - Level 7.0 Shapeshifting


You had 7 spell levels left.
You didn't know any spells.
Your spell library contained the following spells:

 Spells                   Type           Power      Damage    Failure   Level
 Shock                    Conj/Air       0%         1d3       34%         1
 Summon Small Mammal      Summ           0%         N/A       34%         1
 Call Canine Familiar     Summ           0%         N/A       71%         3
 Summon Guardian Golem    Hex/Summ       0%         N/A       71%         3
 Swiftness                Air            0%         N/A       71%         3
 Airstrike                Air            0%         2d(0-16)  98%         4


Dungeon Overview and Level Annotations

Branches:
Dungeon (6/15)             Temple (0/1) D:4

Altars:
Cheibriados
Gozag

Shops:
D:4 !


Innate Abilities, Weirdness & Mutations

You are a hulking beast.
Your limbs bulge with bestial killing power. (Slay +4)
You can breathe waves of freezing cold which knock back foes.
Your icy white scales are hard. (AC +6)
You cannot fit into any form of body armour.
Your flesh is cold resistant. (rC+)
You are cold-blooded and may be slowed by cold attacks.


Message History

The killer bee moves out of view.
A two-headed ogre is nearby!
A howler monkey comes into view.
There are monsters nearby!
The howler monkey howls!
You puncture the two-headed ogre!
The two-headed ogre is poisoned.
You tail-slap the two-headed ogre.
The two-headed ogre is lightly wounded.
The two-headed ogre barely misses you. The two-headed ogre misses you.
You puncture the two-headed ogre!
The two-headed ogre looks as sick as possible!
The two-headed ogre is moderately wounded.
You barely miss the two-headed ogre.
Your tail-slap misses the two-headed ogre.
The two-headed ogre is heavily wounded.
The howler monkey hoots and howls with incredible vigour!
The two-headed ogre closely misses you.
The two-headed ogre hits you but does no damage.
A vampire comes into view.
You hear a shout! x5
You barely miss the two-headed ogre.
The two-headed ogre is heavily wounded.
The howler monkey hits you but does no damage.
The two-headed ogre hits you with a +0 giant club!!
The two-headed ogre hits you with a +0 giant spiked club.
You hit the two-headed ogre.
The two-headed ogre looks as sick as possible!
The two-headed ogre is severely wounded.
The howler monkey hits you.
The killer bee stings you but does no damage.
You hit the two-headed ogre.
The two-headed ogre looks as sick as possible!
You tail-slap the two-headed ogre.
The two-headed ogre is almost dead.
The killer bee barely misses you. The howler monkey barely misses you.
The two-headed ogre hits you with a +0 giant club!!
* * * LOW HITPOINT WARNING * * *
The two-headed ogre hits you with a +0 giant spiked club!!
You die...
Your body crumbles into a pile of gold.

##.#<..#
#..###.#.#.##)######.#
##.#####
#........#...........
##..
#.............#######
####
#.#.###.######....
###.. #.........###
#.....##..########
..........###
#.....##.#y.# #####
#.hh.# ###OV# ....#
.!##.# .## # .# .# ..


You could see a two-headed ogre (extremely poisoned), a vampire, a howler monkey
and a killer bee.

Vanquished Creatures
  Edmund (D:4)
  3 ogres
  A phantom (D:6)
  4 scorpions
  5 wights (D:6)
  A howler monkey (D:5)
  3 hounds
  An orc priest (D:5)
  5 iguanas
  Jessica (D:2)
  2 sleepcaps (D:6)
  Natasha (thrice) (D:4)
  Robin (D:2)
  10 adders
  2 ufetubi (D:6)
  4 dart slugs
  7 orcs
  6 bats
  7 endoplasms
  A giant cockroach (D:1)
  15 goblins
  9 hobgoblins
  5 jackals
  7 quokkas
  5 ball pythons
  3 frilled lizards
  7 kobolds
  12 rats
131 creatures vanquished.

Notes
Turn   | Place    | Note
-------+----------+-------------------------------------------
     0 | D:1      | CowFu the Draconian Shapeshifter began the quest for the
                  | Orb.
     0 | D:1      | Reached XP level 1. HP: 16/16 MP: 1/1
   167 | D:1      | Reached XP level 2. HP: 23/23 MP: 2/2
   263 | D:1      | Reached skill level 4 in Shapeshifting
   305 | D:1      | Reached XP level 3. HP: 28/28 MP: 3/3
   559 | D:2      | Noticed Robin
   568 | D:2      | Killed Robin
   646 | D:2      | Reached XP level 4. HP: 35/35 MP: 4/4
   673 | D:2      | Noticed Jessica
   685 | D:2      | Killed Jessica
   686 | D:2      | Reached skill level 5 in Shapeshifting
   995 | D:2      | Reached XP level 5. HP: 40/40 MP: 5/5
  1395 | D:3      | Found an opulent altar of Gozag.
  1406 | D:3      | Became a worshipper of Gozag Ym Sagoz the Greedy
  2039 | D:4      | Noticed Edmund
  2039 | D:4      | Found a staircase to the Ecumenical Temple.
  2051 | D:4      | Killed Edmund
  2052 | D:4      | Reached skill level 6 in Shapeshifting
  2052 | D:4      | Reached XP level 6. HP: 46/47 MP: 6/6
  2086 | D:4      | Found a snail-covered altar of Cheibriados.
  2213 | D:4      | Found Vusupto's Distillery.
  2231 | D:4      | Bought a potion of heal wounds for 60 gold pieces
  2231 | D:4      | Bought a potion of curing for 36 gold pieces
  2255 | D:4      | Reached skill level 7 in Shapeshifting
  2328 | D:4      | Your scales start taking on an icy white colour.
  2328 | D:4      | Reached XP level 7. HP: 50/55 MP: 7/7
  2328 | D:4      | Gained mutation: Your flesh is cold resistant. (rC+) [White
                  | Draconian growth]
  2403 | D:4      | Noticed Natasha
  2411 | D:4      | Killed Natasha
  2444 | D:4      | Noticed Natasha
  2452 | D:4      | Killed Natasha
  2593 | D:4      | Noticed Natasha
  2600 | D:4      | Killed Natasha
  2642 | D:5      | Entered Level 5 of the Dungeon
  3054 | D:5      | Identified the +1 robe "Gautiere" {rPois rCorr Archmagi}
  3604 | D:6      | Reached XP level 8. HP: 6/63 MP: 8/8
  3604 | D:6      | HP: 3/62 [wight/+0 short sword (2)]
  3614 | D:6      | HP: 3/62 [iguana (5)]
  3767 | D:6      | Reached skill level 5 in Unarmed Combat
  3805 | D:6      | Reached skill level 5 in Fighting
  4333 | D:6      | Noticed a two-headed ogre
  4341 | D:6      | Demolished by a two-headed ogre

Illustrated notes

Levels and vault maps discovered:
D:1:      dpeg_arrival_arbitrary_b, layout_rooms, minmay_rat_gold_closets
D:2:      layout_basic, minmay_heptomino_o4, uniq_jessica, uniq_robin
D:3:      layout_loops_ring, lemuel_coloured_pillars_altar, minivault_25
D:4:      layout_rooms, mainiacjoe_overflow_small_starburst,
          minmay_temple_entry_junction, serial_shops, shop, uniq_natasha,
          uniq_edmund
D:5:      layout_basic
D:6:      minmay_cornered_nines, layout_basic

Skill      XL: |  1  2  3  4  5  6  7  8 |
---------------+-------------------------+-----
Shapeshifting  | 4 5 6 7 |  7.0
Dodging        | 2 3 4 |  4.0
Fighting       | 2 4 5 |  5.7
Unarmed Combat | 4 6 |  6.1

Action                     |  1- 3 |  4- 6 |  7- 9 || total
---------------------------+-------+-------+-------++-------
  Melee: Unarmed           |   101 |    10 |       ||   111
         Tailslap          |    11 |    16 |    32 ||    59
         Punch             |     2 |     3 |     2 ||     7
         Dagger            |       |   111 |   160 ||   271
    Use: Scroll            |       |       |    12 ||    12
         Potion            |       |       |     5 ||     5
   Stab: Sleeping          |     1 |     2 |       ||     3
 Armour: Skin              |    68 |    60 |    83 ||   211
  Dodge: Dodged            |    53 |    54 |    87 ||   194

Table legend: (Time is in decaauts)
 A = Elapsed time spent in this place.
 B = Non-inter-level travel time spent in this place.
 C = Inter-level travel time spent in this place.
 D = Time resting spent in this place.
 E = Time spent auto-exploring this place.
 F = Levels seen in this place.
 G = Mean time per level.
                   A        B        C        D        E       F      G
               +--------+--------+--------+--------+--------+-----+--------+
         Total |   4337 |   4266 |     71 |      0 |   3268 |   6 |  722.8 |
       Dungeon |   4337 |   4266 |     71 |      0 |   3268 |   6 |  722.8 |
               +--------+--------+--------+--------+--------+-----+--------+

Top non-repeatable levels by time:
     D:5: 848 daAuts
     D:6: 847 daAuts
     D:2: 825 daAuts
     D:3: 661 daAuts
     D:4: 609 daAuts
     D:1: 544 daAuts
